 Dungeon Crawl Stone Soup version 0.21-a0-552-g593960d (webtiles) character file.

345 slep the Chopper (level 6, 0/47 HPs)
             Began as a Demonspawn Gladiator on Dec 17, 2017.
             Slain by a gnoll
             ... wielding a +0 spear
              (5 damage)
             ... on level 3 of the Dungeon.
             The game lasted 00:07:54 (1598 turns).

slep the Chopper (Demonspawn Gladiator)             Turns: 1598, Time: 00:07:55

Health: 0/47       AC: 10    Str: 14    XL:     6   Next: 32%
Magic:  6/6        EV: 14    Int: 14    God:
Gold:   126        SH:  0    Dex: 16    Spells: 5/5 levels left

rFire    . . .     SeeInvis .   a - +0 war axe
rCold    . . .     Gourm    .   (no shield)
rNeg     . . .     Faith    +   b - +0 leather armour
rPois    .         Spirit   .   (helmet restricted)
rElec    .         Reflect  .   (no cloak)
rCorr    .         Harm     .   (no gloves)
MR       .....                  p - +0 pair of boots
Stlth    +++.......             h - amulet of faith
HPRegen  0.15/turn              j - +4 ring of intelligence
MPRegen  0.10/turn              m - ring of stealth

@: sanguine armour
A: antennae 2, sanguine armour 1
a: no special abilities


You were on level 3 of the Dungeon.
You were not hungry.

You visited 1 branch of the dungeon, and saw 3 of its levels.

You collected 126 gold pieces.

Inventory:

Hand Weapons
 a - a +0 war axe (weapon)
Missiles
 d - 2 throwing nets
 e - 36 sling bullets
 r - a javelin of returning (quivered)
Armour
 b - a +0 leather armour (worn)
 c - a +0 helmet
 p - a +0 pair of boots (worn)
Jewellery
 h - an amulet of faith (around neck)
 j - a +4 ring of intelligence (left hand)
 m - a ring of stealth (right hand)
Scrolls
 k - a scroll of identify {unknown}
 n - a scroll of fog {unknown}
 q - 2 scrolls of remove curse {unknown}
Potions
 i - a potion of agility {unknown}
 l - a potion of might {unknown}
 o - 2 potions of curing {unknown}
 t - a potion of lignification {unknown}
 u - a potion of flight {unknown}
Comestibles
 f - 4 bread rations
 g - 4 meat rations
 s - a royal jelly


   Skills:
 + Level 3.1 Fighting
 + Level 4.7 Axes
 + Level 2.0 Throwing
 + Level 1.6 Armour
 + Level 3.7 Dodging
 + Level 1.3 Stealth


You had 5 spell levels left.
You didn't know any spells.

Dungeon Overview and Level Annotations

Branches:
Dungeon (3/15)

Altars:
Kikubaaqudgha
Sif Muna
Zin


Innate Abilities, Weirdness & Mutations

You have a pair of antennae on your head.
When seriously injured, your bleeding wounds create armour. (AC +6)


Message History

You barely miss the gnoll. The gnoll hits you but does no damage.
The kobold barely misses you. The gnoll closely misses you.
You closely miss the gnoll.
The gnoll is heavily wounded.
You closely miss the kobold. The gnoll misses you.
The kobold barely misses you. The gnoll closely misses you.
You hit the gnoll.
The gnoll is severely wounded.
You hit the kobold.
You kill the kobold!
The gnoll misses you. The gnoll closely misses you.
You closely miss the gnoll.
The gnoll is severely wounded.
The gnoll hits you with a flail.
* * * LOW HITPOINT WARNING * * *
The gnoll closely misses you. x2
You hit the gnoll.
You kill the gnoll!
The gnoll hits you from afar with a spear.
You die...

#..# ## .. ...# . #.
#..# #.#. #..# ###.#.
#..# #>....## #!.#
#....####..#
#...(......#
#...@#####.# ###
......(†)g.##.#####.##
######.###.#.........#
.. #.#.####.## .##
#.#.# #.# .. #.#)# #.#
## {#.#.# #.# #.#.#
#.# #.#.# #.#


You could see a gnoll.

Vanquished Creatures
  A bullfrog (D:3)
  A howler monkey (D:3)
  An orc priest (D:2)
  An orc wizard (D:2)
  Terence (D:3)
  A worker ant (D:3)
  3 gnolls (D:3)
  3 adders (D:2)
  2 worms (D:2)
  5 dart slugs
  3 leopard geckos
  2 orcs (D:2)
  2 giant cockroaches
  4 goblins (D:2)
  4 hobgoblins
  3 jackals (D:2)
  8 kobolds
  9 bats
  7 frilled lizards
  6 rats
67 creatures vanquished.

Notes
Turn   | Place    | Note
-------+----------+-------------------------------------------
     0 | D:1      | slep the Demonspawn Gladiator began the quest for the Orb.
     0 | D:1      | Reached XP level 1. HP: 16/16 MP: 1/1
   168 | D:1      | Gained mutation: When seriously injured, your bleeding wounds create armour. (AC +6) [demonic ancestry]
   168 | D:1      | Reached XP level 2. HP: 17/22 MP: 2/2
   204 | D:1      | Reached skill level 3 in Axes
   423 | D:2      | Found a faded altar of an unknown god.
   463 | D:2      | Gained mutation: You have a pair of small antennae on your head. [demonic ancestry]
   463 | D:2      | Reached XP level 3. HP: 25/27 MP: 3/3
   623 | D:2      | Found a glowing silver altar of Zin.
   623 | D:2      | Found a deep blue altar of Sif Muna.
   864 | D:2      | Reached XP level 4. HP: 26/34 MP: 4/4
   944 | D:2      | Reached skill level 4 in Axes
  1002 | D:2      | Gained mutation: You have a pair of antennae on your head. [demonic ancestry]
  1002 | D:2      | Reached XP level 5. HP: 21/40 MP: 5/5
  1250 | D:3      | Noticed Terence
  1265 | D:3      | Reached skill level 1 in Armour
  1267 | D:3      | Killed Terence
  1290 | D:3      | Reached skill level 1 in Stealth
  1298 | D:3      | Found an ancient bone altar of Kikubaaqudgha.
  1426 | D:3      | Reached XP level 6. HP: 3/47 MP: 6/6
  1598 | D:3      | Slain by a gnoll

Vault maps used:
D:1:      dpeg_chamrin_arrival_tetris
D:2:      gammafunk_temple_overflow_wave, chequers_ecumenical_altar_simple,
          minmay_misc_feat_more_columns
D:3:      dancing_weapons_uskayaw, kiku_gazebo_pond_becter,
          nemelex_xobeh_ov_fountains_minmay, gup_sewer_entry_bowl, uniq_terence,
          uniq_natasha

Skill      XL: |  1  2  3  4  5 |
---------------+----------------+-----
Axes           | 3 4 |  4.7
Dodging        | 3 |  3.7
Armour         | 1 |  1.6
Fighting       | 3 |  3.1
Stealth        | 1 |  1.3
Throwing       | 2 |  2.0

Action                   |  1- 3 |  4- 6 || total
-------------------------+-------+-------++-------
Melee: War axe           |   121 |    88 ||   209
Throw: Javelin           |       |    10 ||    10
       Throwing net      |       |     1 ||     1
 Stab: Sleeping          |     1 |     3 ||     4
       Distracted        |     1 |       ||     1
  Eat: Chunk             |       |     3 ||     3
Armor: Leather armour    |    66 |    31 ||    97
Dodge: Dodged            |   118 |   104 ||   222

Table legend:
 A = Spawn XP
 B = Non-spawn XP
 C = Spawn XP percentage of total XP
 D = Spawn monster count
 E = Non-spawn monster count
 F = Spawn count percentage of total count
 G = Total turns spent on level
                    A         B        C        D         E        F      G
               +---------+---------+-------+---------+---------+-------+---------
         Total |       0 |     494 |   0.0 |       0 |      67 |   0.0 |  1598
               +---------+---------+-------+---------+---------+-------+---------
           D:1 |       0 |      28 |   0.0 |       0 |      15 |   0.0 |   423
           D:2 |       0 |     192 |   0.0 |       0 |      36 |   0.0 |   760
           D:3 |       0 |     274 |   0.0 |       0 |      16 |   0.0 |   415
               +---------+---------+-------+---------+---------+-------+---------
